 Dungeon Crawl Stone Soup version 0.31-a0-1540-g5a0b83f448 (webtiles) character file.

Game seed: 7498279404834948656

8 MisterAzrael the Ruffian (level 2, 0/18 HPs)
             Began as an Octopode Shapeshifter on Jan 2, 2024.
             Slain by a hobgoblin (4 damage)
             ... on level 1 of the Dungeon.
             The game lasted 00:00:16 (147 turns).

MisterAzrael the Ruffian (Octopode Shapeshifter)     Turns: 147, Time: 00:00:17

Health: 0/18       AC:  1    Str: 13    XL:     2   Next: 8%
Magic:  2/2        EV: 13    Int: 12    God:
Gold:   8          SH:  0    Dex: 11    Spells: 1/1 levels left

rFire   . .          .
                       - Unarmed
rCold   . . .        (no shield)
rNeg    . . .        (helmet currently unavailable)
rPois   .            (no amulet)
rElec   .            (no ring)
rCorr   .            (no ring)
SInv    .            (no ring)
Will    .....        (no ring)
Stlth   ++           (no ring)
HPRegen 0.23/turn    (no ring)
MPRegen 0.08/turn    (no ring)
                     (no ring)

%: no passive effects
@: beast-form
A: beast (slay +1), almost no armour, amphibious, 8 rings, camouflage 1,
gelatinous body 1, (nimble swimmer 1), tentacles
a: Begin Untransformation


You were on level 1 of the Dungeon.
You were a hulking beast.
You visited 1 branch of the dungeon, and saw 1 of its levels.

You collected 8 gold pieces.

Inventory:

Talismans
 b - a beast talisman
 c - a flux talisman
Scrolls
 d - 2 scrolls of identify {unknown}
Potions
 a - a potion of lignification


   Skills:
 + Level 1.3 Fighting
 + Level 2.2 Dodging
 + Level 3.1 Unarmed Combat
 + Level 3.1 Shapeshifting


You had one spell level left.
You didn't know any spells.
Your spell library was empty.

Dungeon Overview and Level Annotations

Branches:
Dungeon (1/15)

Altars:


Innate Abilities, Weirdness & Mutations

You are a hulking beast.
Your limbs bulge with bestial killing power. (Slay +1)
You cannot wear most types of armour.
You are amphibious.
You can wear up to eight rings at the same time.
Your skin changes colour to match your surroundings (Stealth+).
Your rubbery body absorbs attacks. (AC +1, EV +1)
((You are camouflaged when in or above water. (Stealth+)))
You have tentacles for arms and can constrict up to eight enemies at once.


Message History

There are monsters nearby!
There are monsters nearby!
A hobgoblin comes into view.
Found a dented diamond amulet.
Found four items.
The jackal barks! x2; You hear a bark!
The hobgoblin shouts!
The jackal bites you but does no damage.
You closely miss the jackal. You grab the jackal. You squeeze the jackal.
You kill the jackal!
A jackal comes into view.
You tentacle-slap the jackal.
You kill the jackal!
You have reached level 2!
You closely miss the jackal. You grab the jackal. You constrict the jackal.
The jackal bites you.
You barely miss the jackal. Your squeeze misses the jackal.
The jackal is lightly wounded.
You constrict the jackal. The jackal bites you.
You tentacle-slap the jackal.
The jackal is severely wounded.
You constrict the jackal. The jackal bites you. The hobgoblin hits you.
The jackal bites you.
You are too injured to fight recklessly!
You are too injured to fight recklessly!
You are too injured to fight recklessly!
You are too injured to fight recklessly!
You are too injured to fight recklessly!
You tentacle-slap the jackal.
You kill the jackal!
The hobgoblin misses you.
Found a short sword.
The rat squeaks loudly.
The hobgoblin hits you but does no damage.
You see here a jackal corpse.
An endoplasm comes into view.
The endoplasm quivers.
The hobgoblin hits you.
* * * LOW HITPOINT WARNING * * *
Found a scale mail.
The hobgoblin hits you.
You die...

... ..[ # #.....
#.#..... #.#?...#
#.."!#.# # ###....#.#
##### .........# #....
.......hg###########....
..$.....†...............
.......J#####..#####...#
.......r......#.........
..|.....#.....#####.....
###+###.#.###.# #.....
).# # ..# #..... ... ...
###### ... ....


You could see an endoplasm, a hobgoblin and a rat.

Vanquished Creatures
  An endoplasm (D:1)
  3 jackals (D:1)
  3 bats (D:1)
7 creatures vanquished.

Notes
Turn   | Place    | Note
-------+----------+-------------------------------------------
     0 | D:1      | MisterAzrael the Octopode Shapeshifter began the quest for
                  | the Orb.
     0 | D:1      | Reached XP level 1. HP: 13/13 MP: 1/1
   141 | D:1      | Reached XP level 2. HP: 18/18 MP: 2/2
   147 | D:1      | Slain by a hobgoblin

Illustrated notes

Levels and vault maps discovered:
D:1:      sevenhm_arrival_forest_fort_small_6, layout_basic,
          dreamdust_princess_bridge, minmay_indecisive_spiral

Action                     || total
---------------------------++-------
  Melee: Unarmed           ||    12
         Constrict         ||     3
         Tentacles         ||     2
   Stab: Sleeping          ||     1
 Armour: Skin              ||    11
  Dodge: Dodged            ||     3

Table legend: (Time is in decaauts)
 A = Elapsed time spent in this place.
 B = Non-inter-level travel time spent in this place.
 C = Inter-level travel time spent in this place.
 D = Time resting spent in this place.
 E = Time spent auto-exploring this place.
 F = Levels seen in this place.
 G = Mean time per level.
                   A        B        C        D        E       F      G
               +--------+--------+--------+--------+--------+-----+--------+
         Total |    146 |    146 |      0 |      0 |    108 |   1 |  146.0 |
       Dungeon |    146 |    146 |      0 |      0 |    108 |   1 |  146.0 |
               +--------+--------+--------+--------+--------+-----+--------+

Top non-repeatable levels by time:
     D:1: 146 daAuts
